 Dungeon Crawl Stone Soup version 0.24-a0-583-g87330a4 (webtiles) character file.

Game seed: 10391942755589058818, levelgen mode: deterministic

37 silentkaos13 the Cutter (level 3, 0/22 HPs)
             Began as a Kobold Gladiator on Aug 29, 2019.
             Slain by an adder (2 damage)
             ... on level 2 of the Dungeon.
             The game lasted 00:02:15 (1200 turns).

silentkaos13 the Cutter (Kobold Gladiator)          Turns: 1200, Time: 00:02:15

Health: 0/22       AC:  4    Str: 17    XL:     3   Next: 62%
Magic:  3/3        EV: 16    Int:  9    God:
Gold:   94         SH:  0    Dex: 16    Spells: 2/2 levels left

rFire    . . .     SeeInvis .   a - +0 rapier
rCold    . . .     Gourm    .   (shield restricted)
rNeg     . . .     Faith    .   b - +0 leather armour
rPois    .         Spirit   .   c - +0 helmet
rElec    .         Reflect  .   (no cloak)
rCorr    .         Harm     .   (no gloves)
MR       .....                  (no boots)
Stlth    +.........             (no amulet)
HPRegen  0.07/turn              (no ring)
MPRegen  0.08/turn              (no ring)

@: mighty, lethally poisoned (0 -> -13)
A: small, carnivore
a: no special abilities


You were on level 2 of the Dungeon.
You were full.

You visited 1 branch of the dungeon, and saw 2 of its levels.

You collected 94 gold pieces.

Inventory:

Hand Weapons
 a - a +0 rapier (weapon)
Missiles
 d - a throwing net (quivered)
Armour
 b - a +0 leather armour (worn)
 c - a +0 helmet (worn)
Scrolls
 e - 2 scrolls of teleportation {unknown}
 k - a scroll of identify {unknown}
Potions
 h - a potion of degeneration {unknown}
 i - 2 potions of curing
 j - a potion of heal wounds {unknown}
Comestibles
 f - 3 rations


   Skills:
 + Level 2.6 Fighting
 + Level 4.7 Short Blades
 + Level 2.4 Throwing
 + Level 0.3 Armour
 + Level 4.1 Dodging


You had 2 spell levels left.
You didn't know any spells.
Your spell library was empty.

Dungeon Overview and Level Annotations

Branches:
Dungeon (2/15)

Altars:


Innate Abilities, Weirdness & Mutations

You are small and have problems with some larger weapons.
You are carnivorous and can eat meat at any time.


Message History

Press: ? - help, Shift-Dir - straight line, f - adder
Aim: an adder (heavily wounded)
You throw a throwing net.
The throwing net closely misses the adder.
The adder bites you.
* * * LOW HITPOINT WARNING * * *
You are lethally poisoned!
The adder poisons you! The adder bites you.
* * * LOW HITPOINT WARNING * * *
You are more poisoned.
The adder poisons you!
You hit the adder but do no damage.
The adder is heavily wounded.
* * * LOW HITPOINT WARNING * * *
You feel sick. The adder closely misses you.
It was a potion of might.
You feel very mighty all of a sudden.
* * * LOW HITPOINT WARNING * * *
You feel sick. The adder bites you.
You die...

#### #########.##...#
..........#...() ###
..........#$...! #.$##
..........#.(... #gw.?#
........[.##)..K#l.g.!#
.........#.#####S#
.........##....#@#
.....รท....)...##.##
.........###..').(#.##W
.........# #..##.##...#
#####<...###...###..#
#...............#
#.............#.#
#......^......#
#......[......#


You could see a gnoll, an adder, a kobold and a frilled lizard.

Vanquished Creatures
  An adder (D:2)
  2 giant cockroaches (D:2)
  4 goblins
  5 hobgoblins
  5 jackals
  3 bats
  A frilled lizard (D:1)
  3 kobolds
  3 rats
27 creatures vanquished.

Notes
Turn   | Place    | Note
-------+----------+-------------------------------------------
     0 | D:1      | silentkaos13 the Kobold Gladiator began the quest for the
                  | Orb.
     0 | D:1      | Reached XP level 1. HP: 12/12 MP: 1/1
   202 | D:1      | Reached XP level 2. HP: 2/18 MP: 2/2
   918 | D:2      | Noticed a phantom
   944 | D:2      | Reached XP level 3. HP: 11/22 MP: 3/3
  1200 | D:2      | Slain by an adder

Levels and vault maps discovered:
D:1:      psy_arrival_dodecagon, layout_loops_corners, minmay_misc_feat_cross,
          supply_closet_lemuel
D:2:      layout_basic, grunt_temple_overflow_open, minmay_joined_circles,
          uniq_robin

Skill      XL: |  1  2 |
---------------+-------+-----
Dodging        | 4 |  4.1
Fighting       | |  2.6
Short Blades   | |  4.7
Throwing       | |  2.4
Armour         | |  0.3

Action                   || total
-------------------------++-------
Melee: Rapier            ||   102
Throw: Throwing net      ||     2
  Use: Potion            ||     2
 Stab: Sleeping          ||     1
       Held in net/web   ||     1
  Eat: Chunk             ||     5
Armor: Leather armour    ||    37
Dodge: Dodged            ||   141

Table legend:
 A = Non-vault XP
 B = Vault XP
 C = Vault XP percentage of total XP
 D = Non-vault monster count
 E = Vault monster count
 F = Vault count percentage of total count
                 A         B        C        D         E       F
            +---------+---------+-------+---------+---------+-------
      Total |      37 |      17 |  31.5 |      24 |       3 |  11.1
            +---------+---------+-------+---------+---------+-------
        D:1 |      25 |       0 |   0.0 |      16 |       0 |   0.0
        D:2 |      12 |      17 |  58.6 |       8 |       3 |  27.3
            +---------+---------+-------+---------+---------+-------
